 Dungeon Crawl Stone Soup version 0.19.1-1-g22dce08 (webtiles) character file.

110 Naksu the Charmwright (level 4, -5/30 HPs)
             Began as a High Elf Skald on Jan 18, 2017.
             Was a Follower of Nemelex Xobeh.
             Killed by a card of wild magic (35 damage)
             ... on level 3 of the Dungeon.
             The game lasted 00:14:54 (2060 turns).

Naksu the Charmwright (High Elf Skald)              Turns: 2060, Time: 00:14:56

Health: -5/30      AC: 10    Str: 11    XL:     4   Next: 61%
Magic:  9/9        EV:  2    Int: 16    God:    Nemelex Xobeh [*.....]
Gold:   93         SH:  7    Dex: 15    Spells: 1 memorised, 7 levels left

rFire  . . .     SeeInvis .     a - +1 falchion
rCold  . . .     Gourm    .     j - +1 chain mail
rNeg   . . .     Faith    .     o - +0 shield
rPois  .         Spirit   .     f - +0 helmet
rElec  .         Reflect  .     (no cloak)
rCorr  .         Harm     .     (no gloves)
MR     .....                    (no boots)
Stlth  ..........               (no amulet)
                                (no ring)
                                e - ring of wizardry

@: no status effects
A: no striking features
a: Renounce Religion


You were on level 3 of the Dungeon.
You worshipped Nemelex Xobeh.
Nemelex Xobeh was aware of your devotion.
You were not hungry.

You visited 1 branch of the dungeon, and saw 3 of its levels.

You collected 93 gold pieces.

Inventory:

Hand Weapons
 a - a +1 falchion (weapon)
Armour
 b - a +0 leather armour
 f - a +0 helmet (worn)
 j - a +1 chain mail (worn)
 o - a +0 shield (worn)
Jewellery
 e - a ring of wizardry (left hand)
Scrolls
 h - a scroll of enchant weapon
 m - a scroll of identify
 n - a scroll of recharging
 p - a scroll of fog {unknown}
 q - a scroll of remove curse {unknown}
 s - a scroll of magic mapping {unknown}
Potions
 g - a potion of haste
 i - a potion of might
 r - a potion of cancellation {unknown}
Books
 c - a book of Battle

   Spells                             Type                      Level
   a - Infusion                       Charms                       1
   b - Shroud of Golubria             Charms/Translocation         2
   c - Song of Slaying                Charms                       2
   d - Spectral Weapon                Hexes/Charms                 3
   e - Regeneration                   Charms/Necromancy            3
Miscellaneous
 k - an ornate deck of destruction {drawn: 2}
 l - a plain deck of summoning
Comestibles
 d - a bread ration


   Skills:
 + Level 2.4 Fighting
 + Level 3.8 Long Blades
 + Level 1.7 Armour
 + Level 1.8 Dodging
 + Level 0.1 Shields
 + Level 2.9 Spellcasting
 + Level 4.2 Charms


You had 7 spell levels left.
You knew the following spells:

 Your Spells              Type           Power        Failure   Level  Hunger
a - Infusion              Chrm           ###.         100%        1    #......


Dungeon Overview and Level Annotations

Branches:
Dungeon (3/15)

Altars:
Fedhas
Nemelex Xobeh
Ru
Trog
Yredelemnul


Message History

You hit the hobgoblin but do no damage.
The hobgoblin is lightly wounded.
The hobgoblin hits you with a club.
The hobgoblin hits you but does no damage.
You see here a mace.
Evoke which item? (* to show all) (? for menu, Esc to quit)
You draw a card...
It is Wild Magic.
There is a sudden explosion of magical energy!
The explosion engulfs the hobgoblin.
The hobgoblin dies!
The explosion engulfs the giant cockroach.
The giant cockroach dies!
The explosion engulfs the ooze.
The ooze dies!
You feel a bit more experienced.
The explosion engulfs the orc.
The orc dies!
The explosion engulfs you!
Ouch! That really hurt!
You die...
Your body disappears without a glow.

### ..# #.# #.#
#.# #.#
#.######.######
#.).).@.......#
#.#.####.####.#
..
#...###.######
##
..............#
###...###.####.#
##.## #.# #.#
#.# #.# #.# #.#


There were no monsters in sight!

Vanquished Creatures
  4 adders (D:2)
  A worm (D:2)
  A dart slug (D:2)
  3 leopard geckos (D:2)
  An orc (D:2)
  2 ball pythons (D:1)
  4 goblins (D:2)
  6 hobgoblins
  2 jackals (D:2)
  8 kobolds
  A quokka (D:2)
  8 bats
  A frilled lizard (D:2)
  8 rats
50 creatures vanquished.

Vanquished Creatures (collateral kills)
  A goblin (D:3)
  A kobold (D:3)
2 creatures vanquished.

Vanquished Creatures (others)
  An ooze (D:3)
  2 orcs (D:3)
  A giant cockroach (D:3)
  A hobgoblin (D:3)
5 creatures vanquished.

Grand Total: 57 creatures vanquished

Notes
Turn   | Place    | Note
-------+----------+-------------------------------------------
     0 | D:1      | Naksu the High Elf Skald began the quest for the Orb.
     0 | D:1      | Reached XP level 1. HP: 14/14 MP: 4/4
   220 | D:1      | Reached skill level 1 in Armour
   250 | D:1      | Reached XP level 2. HP: 12/19 MP: 6/6
   844 | D:2      | Reached skill level 4 in Charms
  1028 | D:2      | Reached XP level 3. HP: 16/24 MP: 6/8
  1104 | D:2      | Reached XP level 4. HP: 11/29 MP: 9/9
  1433 | D:2      | Found a sacrificial altar of Ru.
  1433 | D:2      | Found a bloodstained altar of Trog.
  1438 | D:2      | Found a blossoming altar of Fedhas.
  1443 | D:2      | Found a basalt altar of Yredelemnul.
  1445 | D:2      | Found a faded altar of an unknown god.
  1489 | D:2      | Became a worshipper of Nemelex Xobeh the Trickster
  1489 | D:2      | Received a gift from Nemelex Xobeh
  1489 | D:2      | Reached * piety under Nemelex Xobeh
  1489 | D:2      | Received a gift from Nemelex Xobeh
  2060 | D:3      | Killed by a card of wild magic

Skill      XL: |  1  2 |
---------------+-------+-----
Armour         | 1 |  1.7
Charms         | 4 |  4.2
Long Blades    | 3 |  3.8
Fighting       | |  2.4
Dodging        | |  1.8
Shields        | |  0.1
Spellcasting   | |  2.9

Action                   |  1- 3 |  4- 6 || total
-------------------------+-------+-------++-------
Melee: Falchion          |   109 |    62 ||   171
 Cast: Infusion          |     3 |       ||     3
Evoke: Deck              |       |     1 ||     1
  Use: Potion            |     4 |       ||     4
       Scroll            |       |     9 ||     9
  Eat: Bread ration      |       |     1 ||     1
       Royal jelly       |       |     1 ||     1
Armor: Leather armour    |     7 |       ||     7
       Chain mail        |    61 |    59 ||   120
Dodge: Dodged            |    40 |    11 ||    51
Block: Shield            |       |    25 ||    25
       Rpst.: Falchion   |    11 |     3 ||    14
